 Dungeon Crawl Stone Soup version 0.30-a0-937-ga0a21ad780 (webtiles) character file.

Game seed: 16360798907854093536

2 Ghostmaker01 the Chiller (level 1, 0/13 HPs)
             Began as a Vampire Ice Elementalist on Mar 24, 2023.
             Constricted to death by a ball python (1 damage)
             ... on level 1 of the Dungeon.
             The game lasted 00:00:39 (51 turns).

Ghostmaker01 the Chiller (Vampire Ice Elementalist)   Turns: 51, Time: 00:00:40

Health: 0/13       AC:  2    Str:  7    XL:     1   Next: 33%
Magic:  1/3        EV:  9    Int: 17    God:
Gold:   18         SH:  0    Dex: 14    Spells: 3/4 levels left

rFire   . . .      SeeInvis +    (no weapon)
rCold   . . .      Faith    .    (no shield)
rNeg    . . .      Spirit   .    a - +0 robe
rPois   .          Reflect  .    (no helmet)
rElec   .          Rampage  .    (no cloak)
rCorr   .                        (no gloves)
Will    .....                    (no boots)
Stlth   ++                       (no amulet)
HPRegen 0.42/turn                (no ring)
MPRegen 0.08/turn                (no ring)

@: healing quickly, constricted
A: alive, fangs 3, see invisible, vampiric 1
a: Exsanguinate


You were on level 1 of the Dungeon.
You visited 1 branch of the dungeon, and saw 1 of its levels.

You collected 18 gold pieces.

Inventory:

Armour
 a - a +0 robe (worn)
Potions
 b - a potion of magic


   Skills:
 + Level 2.2 Dodging
 + Level 3.0 Stealth
 + Level 2.0 Spellcasting
 + Level 4.1 Ice Magic


You had 3 spell levels left.
You knew the following spells:

 Your Spells              Type           Power      Damage    Failure   Level
a - Freeze                Ice            60%        1d7       3%          1

Your spell library contained the following spells:

 Spells                   Type           Power      Damage    Failure   Level
 Frozen Ramparts          Ice            30%        1d5       11%         3
 Ozocubu's Armour         Ice            15%        N/A       11%         3
 Summon Ice Beast         Ice/Summ       8%         N/A       63%         4


Dungeon Overview and Level Annotations

Branches:
Dungeon (1/15)

Altars:


Innate Abilities, Weirdness & Mutations

Your natural rate of healing is accelerated.
You have razor-sharp teeth.
You have supernaturally acute eyesight. (SInv)
You are afflicted with vampirism.


Message History

Confirm with . or Enter, or press ? or * to list all spells.
Aiming: Freeze (safe; 3% risk of failure)
Press: ? - help, Shift-Dir - straight line, f/p - hobgoblin
Aim: a hobgoblin (severely wounded)
You freeze the hobgoblin!
You kill the hobgoblin!
A hobgoblin comes into view.
Unknown command.
The rat barely misses you.
Okay, then.
Casting: Freeze (safe; 3% risk of failure)
Confirm with . or Enter, or press ? or * to list all spells.
Okay, then.
The hobgoblin shouts!
You hit the rat but do no damage. Your bite misses the rat. The rat bites you.
You closely miss the rat. Your bite misses the rat.
The rat bites you but does no damage.
You hit the rat but do no damage. The rat closely misses you.
The hobgoblin barely misses you.
You closely miss the rat. The ball python barely misses you.
The ball python grabs you. The ball python constricts you.
The rat bites you but does no damage. The hobgoblin barely misses you.
You barely miss the rat. Your bite misses the rat. The ball python bites you.
The ball python constricts you. The rat closely misses you.
The hobgoblin closely misses you. The ball python barely misses you.
The ball python constricts you.
You closely miss the rat.
The ball python bites you but does no damage.
The ball python constricts you. The rat bites you.
The hobgoblin barely misses you.
You hit the rat but do no damage. The ball python barely misses you.
The ball python constricts you. The rat bites you. The hobgoblin hits you.
You closely miss the rat.
The ball python bites you but does no damage.
The ball python constricts you. The rat barely misses you.
The hobgoblin hits you.
* * * LOW HITPOINT WARNING * * *
You closely miss the rat. The ball python closely misses you.
The ball python constricts you.
You die...

#......#
#........#......#
.##...............#
....!.....#......#
#........#......#
+....... #......#
###...... #......#
......gr####......#
.....#S@..##......######
......†.†...............
..........#.....##......
......#.###.....##.#####
......#.# #.....##......
.....##.# #.....########
..... #.# #.....+#.#.#.#
..... #.# #.....#.#.#.#.
.... #.# #.....+#.#.#.#


You could see a hobgoblin, a ball python and a rat.

Vanquished Creatures
  2 hobgoblins (D:1)
2 creatures vanquished.

Notes
Turn   | Place    | Note
-------+----------+-------------------------------------------
     0 | D:1      | Ghostmaker01 the Vampire Ice Elementalist began the quest
                  | for the Orb.
     0 | D:1      | Reached XP level 1. HP: 13/13 MP: 3/3
    51 | D:1      | Constricted to death by a ball python

Illustrated notes

Levels and vault maps discovered:
D:1:      lightli_arrival_chessboard, layout_basic, minmay_octomino_j4

Action                     || total
---------------------------++-------
  Melee: Unarmed           ||     9
   Cast: Freeze            ||     3
 Armour: Robe              ||     5
  Dodge: Dodged            ||    13

Table legend: (Time is in decaauts)
 A = Elapsed time spent in this place.
 B = Non-inter-level travel time spent in this place.
 C = Inter-level travel time spent in this place.
 D = Time resting spent in this place.
 E = Time spent auto-exploring this place.
 F = Levels seen in this place.
 G = Mean time per level.
                   A        B        C        D        E       F      G
               +--------+--------+--------+--------+--------+-----+--------+
         Total |     51 |     51 |      0 |      0 |     32 |   1 |   51.0 |
       Dungeon |     51 |     51 |      0 |      0 |     32 |   1 |   51.0 |
               +--------+--------+--------+--------+--------+-----+--------+

Top non-repeatable levels by time:
     D:1: 51 daAuts
